 Dungeon Crawl Stone Soup version 0.30-a0-339-g89bb51ec76 (webtiles) character file.

Game seed: 6164641370785423043

64 Hubris850 the Magician (level 3, -4/19 HPs)
             Began as a Deep Elf Air Elementalist on Oct 31, 2022.
             Slain by Terence
             ... wielding a +0 mace
              (9 damage)
             ... on level 2 of the Dungeon.
             The game lasted 00:03:14 (1768 turns).

Hubris850 the Magician (Deep Elf Air Elementalist)  Turns: 1768, Time: 00:03:14

Health: -4/19      AC:  4    Str:  5    XL:     3   Next: 91%
Magic:  8/10       EV: 13    Int: 19    God:
Gold:   86         SH:  0    Dex: 17    Spells: 5/9 levels left

rFire   . . .      SeeInvis .    n - +0 dagger
rCold   . . .      Faith    .    (no shield)
rNeg    . . .      Spirit   .    a - +0 robe
rPois   .          Reflect  .    (no helmet)
rElec   .          Harm     .    (no cloak)
rCorr   .          Rampage  .    m - +1 pair of gloves
Will    .....                    (no boots)
Stlth   +++.......               (no amulet)
HPRegen 0.23/turn                (no ring)
MPRegen 0.12/turn                (no ring)

@: no status effects
A: no striking features
a: no special abilities


You were on level 2 of the Dungeon.
You visited 1 branch of the dungeon, and saw 2 of its levels.

You collected 86 gold pieces.

Inventory:

Hand Weapons
 g - a +0 mace
 n - a +0 dagger (weapon)
Armour
 a - a +0 robe (worn)
 m - a +1 pair of gloves (worn)
Scrolls
 d - a scroll of amnesia {unknown}
 e - 2 scrolls of identify {unknown}
 f - 2 scrolls of teleportation {unknown}
 j - a scroll of butterflies {unknown}
 l - a scroll of noise {unknown}
 q - a scroll of enchant armour {unknown}
 r - a scroll of vulnerability {unknown}
 s - a scroll of immolation {unknown}
Potions
 b - 2 potions of magic
 c - a potion of curing {unknown}
 h - a potion of degeneration {unknown}
 i - a potion of heal wounds {unknown}
 k - 2 potions of flight {unknown}
 o - a potion of mutation {unknown}
 p - a potion of attraction {unknown}


   Skills:
 + Level 3.2 Dodging
 + Level 3.3 Stealth
 - Level 3.6 Spellcasting
 - Level 2.0 Conjurations
 + Level 3.4 Air Magic


You had 5 spell levels left.
You knew the following spells:

 Your Spells              Type           Power      Damage    Failure   Level
a - Shock                 Conj/Air       52%        1d6       4%          1
b - Swiftness             Air            16%        N/A       11%         3

Your spell library contained the following spells:

 Spells                   Type           Power      Damage    Failure   Level
 Static Discharge         Conj/Air       26%        2-4/arc   7%          2
 Airstrike                Air            8%         2d(2-18)  34%         4


Dungeon Overview and Level Annotations

Branches:
Dungeon (2/15)

Altars:

Annotations:
D:2 Terence


Message History

You are out of magic!
You hit Terence but do no damage. Your punch misses Terence.
Terence is heavily wounded.
Terence barely misses you.
You hit Terence.
Terence is severely wounded.
Terence hits you with a +0 mace!
You hit Terence but do no damage.
Terence is severely wounded.
Terence barely misses you.
You closely miss Terence.
Terence is severely wounded.
Terence hits you with a +0 mace!
* * * LOW HITPOINT WARNING * * *
You hit Terence but do no damage.
Terence is heavily wounded.
Terence hits you with a +0 mace.
* * * LOW HITPOINT WARNING * * *
Casting: Shock (safe; 4% risk of failure)
Confirm with . or Enter, or press ? or * to list all spells.
Okay, then.
Unknown command.
Magic courses through your body. Terence closely misses you.
Casting: Shock (safe; 4% risk of failure)
Confirm with . or Enter, or press ? or * to list all spells.
Aiming: Shock (safe; 4% risk of failure)
Press: ? - help, Shift-Dir - straight line, f/p - Terence
Aim: Terence, wielding a +0 mace and wearing a +2 scale mail of cold resistance (heavily wounded, 72% to hit)
The zap hits Terence.
Terence is severely wounded.
Terence closely misses you.
Casting: Shock (safe; 4% risk of failure)
Confirm with . or Enter, or press ? or * to list all spells.
Aiming: Shock (safe; 4% risk of failure)
Press: ? - help, Shift-Dir - straight line, f/p - Terence
Aim: Terence, wielding a +0 mace and wearing a +2 scale mail of cold resistance (severely wounded, 72% to hit)
The zap hits Terence but does no damage.
Terence is severely wounded.
Terence hits you with a +0 mace!
You die...

............##....######
#.....###....#.####
#.....# #.....#
#.....######.###
........# #.## #######
...(....# #..# .......
........#####.# .......
..♣..♣........####.......
...♣....#######.@@.......
...♣♣...#######.##.......
................# .......
........#.####### .......
..........# .......
########### #######


You could see Terence.

Vanquished Creatures
  3 adders (D:2)
  2 dart slugs
  2 endoplasms
  2 giant cockroaches
  2 goblins
  2 hobgoblins
  3 kobolds
  2 quokkas (D:2)
  5 ball pythons
  5 bats
  2 frilled lizards (D:2)
  3 rats
33 creatures vanquished.

Vanquished Creatures (others)
  A plant (D:1)
1 creature vanquished.

Grand Total: 34 creatures vanquished

Notes
Turn   | Place    | Note
-------+----------+-------------------------------------------
     0 | D:1      | Hubris850 the Deep Elf Air Elementalist began the quest for
                  | the Orb.
     0 | D:1      | Reached XP level 1. HP: 10/10 MP: 6/6
   331 | D:1      | Reached XP level 2. HP: 15/15 MP: 0/8
   632 | D:1      | Found a faded altar of an unknown god.
  1231 | D:2      | Reached XP level 3. HP: 6/19 MP: 0/10
  1311 | D:2      | Learned a level 3 spell: Swiftness
  1748 | D:2      | Noticed Terence
  1768 | D:2      | Slain by Terence

Illustrated notes

Levels and vault maps discovered:
D:1:      minmay_arrival_radiant_lines, layout_loops_ring,
          chequers_ecumenical_altar_lobes
D:2:      layout_rooms, chequers_garden, grunt_decor_one_mirror, uniq_terence

Skill      XL: |  1  2  3 |
---------------+----------+-----
Stealth        | 3 |  3.3
Dodging        | 3 |  3.2
Conjurations   | 2 |  2.0
Spellcasting   | |  3.6
Air Magic      | |  3.4

Action                   || total
-------------------------++-------
Melee: Dagger            ||     7
 Cast: Shock             ||    89
  Use: Potion            ||     1
Armor: Robe              ||     3
Dodge: Dodged            ||    20

Table legend: (Time is in decaauts)
 A = Elapsed time spent in this place.
 B = Non-inter-level travel time spent in this place.
 C = Inter-level travel time spent in this place.
 D = Time resting spent in this place.
 E = Time spent auto-exploring this place.
 F = Levels seen in this place.
 G = Mean time per level.
                   A        B        C        D        E       F      G
               +--------+--------+--------+--------+--------+-----+--------+
         Total |   1766 |   1711 |     55 |     73 |   1455 |   2 |  883.0 |
       Dungeon |   1766 |   1711 |     55 |     73 |   1455 |   2 |  883.0 |
               +--------+--------+--------+--------+--------+-----+--------+

Top non-repeatable levels by time:
     D:1: 996 daAuts
     D:2: 770 daAuts
